 Dungeon Crawl Stone Soup version 0.31-a0-968-g24f9ace8b5 (webtiles) character file.

Game seed: 13703846566781111417

137 Dirtsage the Slasher (level 5, -1/41 HPs)
             Began as a Demonspawn Fighter on Oct 27, 2023.
             Slain by a gnoll
             ... wielding a +0 spear
              (8 damage)
             ... on level 3 of the Dungeon.
             The game lasted 00:03:20 (1475 turns).

Dirtsage the Slasher (Demonspawn Fighter)           Turns: 1475, Time: 00:03:21

Health: -1/41      AC:  7    Str: 17    XL:     5   Next: 0%
Magic:  5/5        EV:  9    Int:  9    God:
Gold:   70         SH:  4    Dex: 14    Spells: 4/4 levels left

rFire   . . .        a - +0 long sword
rCold   . . .        c - +0 buckler
rNeg    . . .        b - +0 scale mail
rPois   .            (no helmet)
rElec   .            o - scarf {+Inv}
rCorr   .            (no gloves)
SInv    .            (boots unavailable)
Will    .....        (no amulet) Stlth
                     (no ring)
HPRegen 0.26/turn    (no ring)
MPRegen 0.09/turn

%: no passive effects
@: no status effects
A: hooves 3, sharp scales 1
a: Evoke Invisibility


You were on level 3 of the Dungeon.
You visited 1 branch of the dungeon, and saw 3 of its levels.

You collected 125 gold pieces.
You spent 55 gold pieces at shops.

Inventory:

Hand Weapons
 a - a +0 long sword (weapon)
Armour
 b - a +0 scale mail (worn)
 c - a +0 buckler (worn)
 o - a scarf of invisibility (worn)
Scrolls
 f - a scroll of teleportation {unknown}
 j - 2 scrolls of enchant armour {unknown}
 k - 2 scrolls of amnesia {unknown}
 m - a scroll of identify {unknown}
 n - a scroll of silence {unknown}
Potions
 d - 2 potions of might
 e - a potion of cancellation {unknown}
 g - a potion of degeneration {unknown}
 h - a potion of ambrosia {unknown}
 i - a potion of enlightenment {unknown}
 l - a potion of heal wounds
 p - a potion of curing {unknown}
 q - a potion of magic {unknown}
 r - a potion of mutation {unknown}


   Skills:
 - Level 3.0 Fighting
 + Level 4.7 Long Blades
 - Level 2.6 Armour
 - Level 2.6 Shields


You had 4 spell levels left.
You didn't know any spells.
Your spell library contained the following spells:

 Spells                   Type           Power      Damage    Failure   Level
 Manifold Assault         Tloc           0%         N/A       100%        4
 Dispersal                Tloc           0%         N/A       100%        6
 Disjunction              Tloc           0%         N/A       100%        8


Dungeon Overview and Level Annotations

Branches:
Dungeon (3/15)

Altars:

Shops:
D:2 !


Innate Abilities, Weirdness & Mutations

You have hooves in place of feet.
You are partially covered in razor-sharp scales. (AC +1, Slay +1)


Message History

You hit the gnoll. You kick the gnoll.
The gnoll is almost dead.
The gnoll hits you but does no damage. The gnoll barely misses you.
You hit the gnoll but do no damage.
The gnoll is almost dead.
You block the gnoll's attack. The gnoll barely misses you.
The gnoll closely misses you. The gnoll barely misses you.
You hit the gnoll.
You kill the gnoll!
You block the gnoll's attack.
You hit the gnoll.
The gnoll is moderately wounded.
The gnoll hits you with a +0 whip. The gnoll barely misses you.
You take 1 damage, and have 21/35 hp.
You hit the gnoll.
The gnoll is moderately wounded.
The gnoll hits you but does no damage. The gnoll closely misses you.
You slash the gnoll!
The gnoll is almost dead.
The gnoll hits you with a +0 whip. The gnoll barely misses you.
You take 2 damage, and have 19/35 hp.
You slash the gnoll!
You kill the gnoll!
The gnoll hits you from afar with a +0 spear!
The gnoll hits you from afar with a +0 spear.
* * * LOW HITPOINT WARNING * * *
You have reached level 5!
Your demonic ancestry asserts itself...
Your feet have mutated into hooves.
You take 10 damage, and have 9/41 hp.
MASSIVE DAMAGE!!
MP restored: 5 The gnoll hits you with a +0 spear.
* * * LOW HITPOINT WARNING * * *
There is an open door, spattered with blood here.
Items here: )) ††.
You take 2 damage, and have 7/41 hp.
You hit the gnoll.
The gnoll is heavily wounded.
The gnoll hits you with a +0 spear!
You die...

#....)..### #
#.........# .#
'#######.....####.#
.......#..........# .
.......#..........#..
.......#.............
.......#.........#..
.......##'###....# .
......g@†.# #....#
.......######....#
####### #.....>..+
#.##.....# # #......#
#########.##.###.#
+.......#........#
#####...####.#####.#
#...#..........#


You could see a gnoll.

Vanquished Creatures
  An orc wizard (D:2)
  3 gnolls (D:3)
  4 dart slugs
  3 orcs (D:2)
  7 ball pythons
  2 bats (D:1)
  9 endoplasms
  2 giant cockroaches
  5 goblins
  7 hobgoblins
  11 jackals (D:1)
  A quokka (D:1)
  5 frilled lizards (D:1)
  3 kobolds
  3 rats
66 creatures vanquished.

Notes
Turn   | Place    | Note
-------+----------+-------------------------------------------
     0 | D:1      | Dirtsage the Demonspawn Fighter began the quest for the
                  | Orb.
     0 | D:1      | Reached XP level 1. HP: 18/18 MP: 1/1
    40 | D:1      | Reached skill level 2 in Long Blades
    74 | D:1      | Gained mutation: You are partially covered in razor-sharp
                  | scales. (AC +1, Slay +1) [demonic ancestry]
    74 | D:1      | Reached XP level 2. HP: 19/24 MP: 2/2
   168 | D:1      | Reached skill level 3 in Long Blades
   243 | D:1      | Gained mutation: You have large cloven feet. [demonic
                  | ancestry]
   243 | D:1      | Reached XP level 3. HP: 25/29 MP: 3/3
   382 | D:1      | Found a faded altar of an unknown god.
   962 | D:2      | Found Zich's Distillery.
   965 | D:2      | Bought a potion of heal wounds for 55 gold pieces
   998 | D:2      | Reached skill level 4 in Long Blades
   998 | D:2      | Gained mutation: You have hoof-like feet. [demonic
                  | ancestry]
   998 | D:2      | Reached XP level 4. HP: 34/35 MP: 4/4
  1474 | D:3      | Gained mutation: You have hooves in place of feet. [demonic
                  | ancestry]
  1474 | D:3      | Reached XP level 5. HP: 9/41 MP: 5/5
  1475 | D:3      | Slain by a gnoll

Illustrated notes

Levels and vault maps discovered:
D:1:      matt_arrival_grand_opening, layout_loops_ring,
          shapermc_ecumenical_altar_starsandcircs
D:2:      layout_rooms, serial_shops, nicolae_shop_behind_doors, fountainhead
D:3:      layout_basic, mainiacjoe_overflow_brackets

Skill      XL: |  1  2  3 |
---------------+----------+-----
Long Blades    | 2 3 4 |  4.7
Fighting       | |  3.0
Armour         | |  2.6
Shields        | |  2.6

Action                     |  1- 3 |  4- 6 || total
---------------------------+-------+-------++-------
  Melee: Long sword        |   146 |    41 ||   187
         Kick              |    13 |    12 ||    25
 Armour: Scale mail        |    97 |    23 ||   120
  Dodge: Dodged            |    52 |    18 ||    70
  Block: Buckler           |    33 |     7 ||    40

Table legend: (Time is in decaauts)
 A = Elapsed time spent in this place.
 B = Non-inter-level travel time spent in this place.
 C = Inter-level travel time spent in this place.
 D = Time resting spent in this place.
 E = Time spent auto-exploring this place.
 F = Levels seen in this place.
 G = Mean time per level.
                   A        B        C        D        E       F      G
               +--------+--------+--------+--------+--------+-----+--------+
         Total |   1527 |   1475 |     52 |      0 |   1057 |   3 |  509.0 |
       Dungeon |   1527 |   1475 |     52 |      0 |   1057 |   3 |  509.0 |
               +--------+--------+--------+--------+--------+-----+--------+

Top non-repeatable levels by time:
     D:1: 867 daAuts
     D:2: 544 daAuts
     D:3: 115 daAuts
